 Dungeon Crawl Stone Soup version 0.31-a0-150-g89dc3ad700 (webtiles) character file.

Game seed: 8895027167962039873

16866 Anon1729 the Fighter (level 12, -11/110 HPs)
             Began as a Minotaur Monk on June 8, 2023.
             Was a Follower of Uskayaw.
             Mangled by a death yak (21 damage)
             ... in an ice cave.
             The game lasted 00:10:06 (10640 turns).

Anon1729 the Fighter (Minotaur Monk)               Turns: 10640, Time: 00:10:07

Health: -11/110    AC:  8    Str: 15    XL:     12   Next: 13%
Magic:  27/27      EV: 18    Int:  7    God:    Uskayaw [*.....]
Gold:   458        SH:  0    Dex: 19    Spells: 11/11 levels left

rFire   . . .        a - +3 scimitar (flame)
rCold   + . .        d - orb {light}
rNeg    . . .        s - +2 leather armour {Will+}
rPois   .            (helmet restricted)
rElec   .            K - +0 cloak
rCorr   .            y - +0 pair of gloves
SInv    .            f - +0 pair of boots
Will    +....        (no amulet)
Stlth   +            A - ring of protection from cold
HPRegen 0.38/turn    M - ring of magical power
MPRegen 0.20/turn

%: no passive effects
@: glowing, very slow
A: horns 2, retaliatory headbutt
a: Renounce Religion, Stomp


You were in an ice cave.
You worshipped Uskayaw.
Uskayaw was aware of your devotion.
You visited 3 branches of the dungeon, and saw 11 of its levels.
You also visited: Ossuary and Ice Cave.

You collected 602 gold pieces.
You spent 144 gold pieces at shops.

Inventory:

Hand Weapons
 a - a +3 scimitar of flaming (weapon)
 b - a +0 orcbow
Missiles
 O - a throwing net
Armour
 d - an orb of light (worn)
 f - a +0 pair of boots (worn)
 s - a +2 leather armour of willpower (worn)
 y - a +0 pair of gloves (worn)
 K - a +0 cloak (worn)
 L - a +0 robe
Jewellery
 A - a ring of protection from cold (left hand)
 M - a ring of magical power (right hand)
Wands
 j - a wand of iceblast (19)
 q - a wand of light (10)
 w - a wand of flame (25)
Scrolls
 e - 4 scrolls of magic mapping {unknown}
 h - 6 scrolls of noise {unknown}
 k - 10 scrolls of teleportation {unknown}
 l - 2 scrolls of blinking {unknown}
 m - 6 scrolls of identify {unknown}
 n - 2 scrolls of immolation {unknown}
 p - 2 scrolls of fog {unknown}
 t - a scroll of enchant weapon {unknown}
 z - a scroll of butterflies {unknown}
 E - 2 scrolls of poison {unknown}
 F - a scroll of brand weapon {unknown}
 G - a scroll of vulnerability {unknown}
 H - a scroll of enchant armour {unknown}
 J - 4 scrolls of fear {unknown}
 N - 2 scrolls of amnesia {unknown}
Potions
 c - a potion of curing
 g - a potion of might {unknown}
 i - 2 potions of cancellation
 o - a potion of berserk rage {unknown}
 r - a potion of heal wounds {unknown}
 u - 2 potions of lignification {unknown}
 v - 2 potions of enlightenment
 x - a potion of brilliance
 B - a potion of haste {unknown}
 C - 2 potions of ambrosia
 D - 2 potions of mutation {unknown}
 I - a potion of invisibility


   Skills:
 + Level 11.3 Fighting
 + Level 11.3 Long Blades
 + Level 9.5 Ranged Weapons
 + Level 10.2 Dodging
 * Level 9.6 Invocations


You had 11 spell levels left.
You didn't know any spells.
Your spell library contained the following spells:

 Spells                   Type           Power      Damage    Failure   Level
 Beastly Appendage        Tmut           0%         N/A       50%         1
 Kiss of Death            Conj/Necr      0%         2d5       50%         1
 Summon Small Mammal      Summ           0%         N/A       50%         1
 Wereblood                Tmut           0%         N/A       65%         2
 Call Canine Familiar     Summ           0%         N/A       86%         3
 Confusing Touch          Hex            0%         N/A       86%         3
 Spider Form              Tmut/Pois      0%         N/A       86%         3
 Summon Guardian Golem    Hex/Summ       0%         N/A       86%         3
 Volatile Blastmotes      Fire/Tloc      0%         2d10      86%         3
 Dispel Undead            Necr           0%         3d6       99%         4
 Fulminant Prism          Conj/Hex       0%         3d5       99%         4
 Iskenderun's Mystic Bla  Conj/Tloc      0%         2d3       99%         4
 Lee's Rapid Deconstruct  Erth           0%         3d4*      100%        5


Dungeon Overview and Level Annotations

Branches:
Dungeon (8/15)             Temple (1/1) D:7            Lair (2/5) D:8
  Snake (0/4) Lair:2      Ossuary (visited)           IceCv (1/1)
  Swamp: Lair:2-3    Shoals: Lair:2-3

Altars:
Ashenzari
Dithmenos
Elyvilon
Gozag
Hepliaklqana
Kikubaaqudgha
Makhleb
Nemelex Xobeh
Ru
Uskayaw
Yredelemnul
The Shining One

Shops:
D:7 !

Annotations:
D:2 1 runed translucent door, Crazy Yiuf
D:3 Robin


Innate Abilities, Weirdness & Mutations

You have a pair of horns on your head.
You reflexively headbutt those who attack you in melee.


Message History

You slice the wolf!! You burn the wolf!
You kill the wolf!
You start resting.
Magic restored.
HP restored.
Things that are here:
a yak corpse; a yak corpse You now have 435 gold pieces (gained 23).
You now have 458 gold pieces (gained 23).
Things that are here:
a yak corpse; a yak corpse You enter the shallow water.
Moving in this stuff is going to be slow.
You enter the shallow water.
Moving in this stuff is going to be slow. 2 death yaks come into view.
Found 6 stones and a barding.
The death yak bellows! x2; You hear a bellow!
There are monsters nearby!
There are monsters nearby!
There are monsters nearby!
A death yak comes into view.
The death yak bellows!
The death yak gores you! The death yak completely misses you.
You furiously retaliate!
You headbutt the death yak! Why would you want to do that?
The death yak gores you!! x2
The death yak gores you! The death yak barely misses you.
The death yak attacks as you move away! The death yak gores you!!
* * * LOW HITPOINT WARNING * * *
The death yak snorts and paws the water.
The death yak gores you!
* * * LOW HITPOINT WARNING * * *
You feel better. The death yak gores you!
* * * LOW HITPOINT WARNING * * *
You don't know any spells.
Okay, then.
You feel better. The death yak gores you!!
You die...

## ([ # ###.
..#... ###
#....#####~#
###.~~#~#~#
#..~#~~~Y##
#...##~~≈#YY####
### #..#####@~.##
≈≈≈≈≈≈≈≈≈≈≈####..#
######
.≈≈≈≈≈≈≈≈≈≈###..##
###....##
#≈≈≈≈≈≈≈≈####..##
###...##...
##≈≈≈≈≈≈## ###..#
##...####.#.
##≈≈#≈## ##...##
#...####.### #####
#..###
###.†.###.##
##...# ###†.####.
##..### ##††..# ##


You could see 3 death yaks.

Vanquished Creatures
  A catoblepas (Lair:2)
  Erica (D:8)
  2 death yaks (IceCv)
  Maurice (D:8)
  6 elephants (Lair:1)
  An ice statue (IceCv)
  2 cane toads
  A komodo dragon (Lair:1)
  2 rime drakes
  4 polar bears (IceCv)
  Grinder (D:6)
  4 blink frogs (Lair:2)
  Sigmund (D:2)
  A wyvern (D:7)
  2 wraiths (Ossuary)
  22 yaks
  Eustachio (D:6)
  A basilisk (Lair:2)
  3 nagas (Lair:2)
  Menkaure (D:4)
  5 water moccasins
  Duvessa (D:6)
  A black bear (Temple)
  An ice beast (D:7)
  A centaur (D:8)
  2 ogres
  14 wolves
  A phantom (D:5)
  2 kobold brigands
  4 bullfrogs
  3 scorpions
  10 wights
  Dowan (D:6)
  3 howler monkeys (D:8)
  A centaur zombie (Ossuary)
  3 hounds
  3 jellies
  5 orc priests
  An iguana (D:6)
  2 sleepcaps
  Jessica (D:3)
  Ijyb (D:3)
  Natasha (thrice) (D:4)
  4 orc wizards
  A mummy (D:8)
  2 adders
  3 ufetubi
  3 adder zombies (Ossuary)
  A dart slug (D:2)
  33 orcs
  4 bats (D:1)
  5 endoplasms
  A giant cockroach (D:1)
  13 goblins
  16 hobgoblins
  11 jackals
  A quokka (D:1)
  4 ball pythons
  A ball python skeleton (Ossuary)
  A frilled lizard (D:1)
  A hobgoblin skeleton (Ossuary)
  3 hobgoblin zombies (D:8)
  10 kobolds
  A kobold zombie (D:8)
  2 orc skeletons (Ossuary)
  An orc zombie (Ossuary)
  8 rats
257 creatures vanquished.

Notes
Turn   | Place    | Note
-------+----------+-------------------------------------------
     0 | D:1      | Anon1729 the Minotaur Monk began the quest for the Orb.
     0 | D:1      | Reached XP level 1. HP: 19/19 MP: 0/0
     9 | D:1      | Noticed an ogre
   309 | D:1      | Reached XP level 2. HP: 27/27 MP: 1/1
   344 | D:1      | Found a faded altar of an unknown god.
   644 | D:1      | Reached skill level 1 in Ranged Weapons
   918 | D:2      | Reached XP level 3. HP: 31/33 MP: 2/2
   940 | D:2      | Found a runed translucent door.
   941 | D:2      | Noticed Crazy Yiuf
  1054 | D:2      | Found a hazy altar of Hepliaklqana.
  1179 | D:2      | Noticed Sigmund
  1186 | D:2      | Killed Sigmund
  1187 | D:2      | Reached XP level 4. HP: 32/41 MP: 3/3
  1187 | D:2      | Reached XP level 5. HP: 37/47 MP: 4/4
  1672 | D:3      | Noticed Ijyb
  1681 | D:3      | Killed Ijyb
  1682 | D:3      | Reached skill level 5 in Fighting
  1682 | D:3      | Reached skill level 5 in Long Blades
  1973 | D:3      | Noticed Jessica
  1978 | D:3      | Killed Jessica
  2267 | D:3      | Noticed Robin
  2277 | D:3      | Reached XP level 6. HP: 26/56 MP: 5/5
  2566 | D:4      | Noticed Natasha
  2569 | D:4      | Killed Natasha
  2619 | D:4      | Noticed Menkaure
  2631 | D:4      | Killed Menkaure
  2632 | D:4      | Reached skill level 5 in Dodging
  2889 | D:4      | Noticed Natasha
  2926 | D:5      | Entered Level 5 of the Dungeon
  3054 | D:5      | Reached XP level 7. HP: 61/62 MP: 6/6
  4089 | D:4      | Identified the +0 robe "Hoomag" {-Tele rC+ Will+}
  4135 | D:4      | Killed Natasha
  4386 | D:4      | Found a burning altar of Makhleb.
  4483 | D:4      | Noticed Natasha
  4487 | D:4      | Killed Natasha
  4598 | D:6      | Reached XP level 8. HP: 71/71 MP: 7/7
  4641 | D:6      | Reached skill level 5 in Ranged Weapons
  4807 | D:6      | Found a shadowy altar of Dithmenos.
  4812 | D:6      | Noticed Eustachio
  4815 | D:6      | Noticed Grinder
  4831 | D:6      | Paralysed by Grinder for 3 turns
  4893 | D:6      | Killed Eustachio
  5289 | D:6      | Killed Grinder
  5459 | D:6      | Noticed Duvessa
  5460 | D:6      | Noticed Dowan
  5468 | D:6      | Killed Duvessa
  5477 | D:6      | Killed Dowan
  5755 | D:7      | Found a staircase to the Ecumenical Temple.
  5765 | Temple   | Entered the Ecumenical Temple
  5845 | Temple   | Became a worshipper of Uskayaw the Reveller
  5845 | Temple   | Reached * piety under Uskayaw
  5857 | D:7      | Reached ** piety under Uskayaw
  6008 | D:7      | Reached XP level 9. HP: 57/81 MP: 8/8
  6099 | D:7      | Found Wugieh's Distillery.
  6102 | D:7      | Bought a potion of degeneration for 16 gold pieces
  6102 | D:7      | Bought a potion of curing for 48 gold pieces
  6102 | D:7      | Bought a potion of enlightenment for 80 gold pieces
  6276 | D:7      | Reached skill level 1 in Invocations
  6768 | D:8      | Reached *** piety under Uskayaw
  6770 | D:8      | Reached **** piety under Uskayaw
  6772 | D:8      | Reached ***** piety under Uskayaw
  6966 | D:8      | Noticed Erica
  6971 | D:8      | Found a sand-covered staircase.
  6979 | D:8      | Killed Erica
  7014 | Ossuary  | Entered an ossuary
  7460 | D:8      | Noticed Maurice
  7469 | D:8      | Killed Maurice
  7470 | D:8      | Reached XP level 10. HP: 91/91 MP: 12/12
  7534 | D:8      | Found a staircase to the Lair.
  7583 | D:8      | Reached skill level 5 in Invocations
  8440 | Lair:1   | Entered Level 1 of the Lair of Beasts
  8440 | Lair:1   | Noticed an elephant
  8440 | Lair:1   | Noticed an elephant
  8440 | Lair:1   | Noticed an elephant
  8441 | Lair:1   | Noticed an elephant
  8441 | Lair:1   | Noticed an elephant
  8458 | Lair:1   | Killed an elephant
  8459 | Lair:1   | Killed an elephant
  8459 | Lair:1   | Killed an elephant
  8462 | Lair:1   | Killed an elephant
  8466 | Lair:1   | Reached ****** piety under Uskayaw
  8469 | Lair:1   | Killed an elephant
  8674 | Lair:1   | Noticed a cane toad
  8684 | Lair:1   | Killed a cane toad
  8685 | Lair:1   | Reached skill level 10 in Fighting
  8685 | Lair:1   | Reached skill level 10 in Long Blades
  8722 | Lair:1   | Noticed an elephant
  8734 | Lair:1   | Killed an elephant
  8735 | Lair:1   | Reached XP level 11. HP: 76/99 MP: 15/15
  9568 | Lair:2   | Noticed a catoblepas
  9587 | Lair:2   | Killed a catoblepas
  9782 | Lair:2   | Found a staircase to the Snake Pit.
  9809 | Lair:2   | Found a frozen archway.
  9819 | IceCv    | Entered an ice cave
 10046 | IceCv    | HP: 2/101 [yak (12)]
 10344 | IceCv    | Reached skill level 10 in Dodging
 10372 | IceCv    | Reached XP level 12. HP: 71/110 MP: 18/18
 10376 | IceCv    | Noticed a death yak
 10378 | IceCv    | Noticed a death yak
 10387 | IceCv    | Killed a death yak
 10390 | IceCv    | Killed a death yak
 10631 | IceCv    | Noticed a death yak
 10631 | IceCv    | Noticed a death yak
 10632 | IceCv    | Noticed a death yak
 10639 | IceCv    | HP: 3/110 [death yak (14)]
 10640 | IceCv    | Mangled by a death yak

Illustrated notes

Levels and vault maps discovered:
D:1:      evilmike_arrival_come_back, layout_basic, serial_forest,
          infiniplex_forest_clump_cross, infiniplex_forest_lined_3,
          infiniplex_forest_lined_3, infiniplex_forest_straight_1,
          infiniplex_forest_zigzag_1, infiniplex_forest_clump_small,
          hellmonk_ecumenical_altar_pennies_from_heaven
D:2:      layout_basic, basic_altar, uniq_sigmund, uniq_crazy_yiuf_cottage
D:3:      layout_loops_corners, fountainhead, minmay_misc_feat_plants,
          uniq_ijyb, uniq_robin, uniq_jessica
D:4:      layout_basic, makhleb_heckhound_becter, uniq_natasha, uniq_menkaure
D:5:      layout_loops_ring, minmay_misc_feat_pillars
D:6:      layout_basic, grunt_dithmenos_smoke, uniq_duvessa, uniq_eustachio,
          uniq_grinder
D:7:      layout_cave_pods, minmay_temple_entry_ruins, serial_shops,
          nicolae_shop_tiny_real_fake_doors
D:8:      layout_basic, lair_entry_dummy, enter_ossuary_2, minmay_mini_ossuary,
          uniq_erica, uniq_maurice
Temple:   compressed_dpeg_triangle_lava_temple
Lair:1:   layout_hall_layers, grunt_megastairs_1
Lair:2:   layout_roguey, nicolae_snake_entry_squirm,
          portal_ice_cave_entry_pillars_2, serial_rivers,
          chequers_serial_rivers_large_a, chequers_serial_rivers_marsh,
          chequers_serial_rivers_large_b, chequers_serial_rivers_small_b,
          chequers_serial_rivers_room_b, lemuel_fruit_tree
IceCv:    ice_cave_caverns_03

Skill      XL: |  1  2  3  4  5  6  7  8  9 10 11 |
---------------+----------------------------------+-----
Fighting       | 4 5 6 8 9 10 11 | 11.3
Long Blades    | 4 5 6 7 9 10 11 | 11.3
Ranged Weapons | 1 2 3 4 6 7 8 9 |  9.5
Dodging        | 4 5 6 7 8 9 10 | 10.2
Invocations    | 4 7 9 |  9.6

Action                     |  1- 3 |  4- 6 |  7- 9 | 10-12 || total
---------------------------+-------+-------+-------+-------++-------
  Melee: Falchion          |    56 |     2 |       |       ||    58
         Headbutt          |    11 |    13 |    54 |    64 ||   142
         Scimitar          |       |    63 |   260 |   225 ||   548
 Invoke: Grand Finale      |       |       |       |     2 ||     2
  Evoke: Wand              |       |       |     1 |       ||     1
    Use: Potion            |       |     3 |     3 |     3 ||     9
   Stab: Paralysed         |       |       |     6 |    24 ||    30
 Armour: Robe              |    11 |    10 |     6 |       ||    27
         Leather armour    |       |       |    75 |    65 ||   140
  Dodge: Dodged            |    35 |    47 |   214 |   173 ||   469

Table legend: (Time is in decaauts)
 A = Elapsed time spent in this place.
 B = Non-inter-level travel time spent in this place.
 C = Inter-level travel time spent in this place.
 D = Time resting spent in this place.
 E = Time spent auto-exploring this place.
 F = Levels seen in this place.
 G = Mean time per level.
                   A        B        C        D        E       F      G
               +--------+--------+--------+--------+--------+-----+--------+
         Total |  10663 |  10359 |    304 |   1043 |   7700 |  13 |  820.2 |
       Dungeon |   7974 |   7684 |    290 |    546 |   6083 |   8 |  996.8 |
        Temple |     87 |     87 |      0 |     67 |      0 |   1 |   87.0 |
          Lair |   1373 |   1360 |     13 |     33 |   1024 |   2 |  686.5 |
       Ossuary |    407 |    407 |      0 |    100 |    203 |   1 |  407.0 |
      Ice Cave |    819 |    819 |      0 |    297 |    389 |   1 |  819.0 |
               +--------+--------+--------+--------+--------+-----+--------+

Top non-repeatable levels by time:
     D:8: 1279 daAuts
     D:6: 1150 daAuts
     D:5: 1045 daAuts
     D:4: 1023 daAuts
     D:3: 962 daAuts
     D:7: 944 daAuts
  Lair:1: 925 daAuts
   IceCv: 819 daAuts
     D:1: 787 daAuts
     D:2: 781 daAuts
  Lair:2: 448 daAuts
 Ossuary: 407 daAuts
  Temple: 87 daAuts
